[Event "POL-chT 2nd League Juniors 2020"]
[Site "Sypniewo"]
[Date "2020.10.23"]
[Round "1.1"]
[White "Zerebiec, Maurycy"]
[Black "Syrkiewicz, Michal"]
[Result "1-0"]
[ECO "A37"]
[WhiteElo "1917"]
[BlackElo "2127"]
[Annotator "ChessBase"]
[PlyCount "153"]
[EventDate "2020.10.23"]
[EventType "team-tourn"]
[EventCountry "POL"]
[SourceTitle "playchess.com"]
[Source "ChessBase"]
[SourceQuality "1"]
[TimeControl "5400+30"]

1. c4 c5 2. Nc3 Nc6 3. g3 g6 4. Bg2 Bg7 5. Nf3 e6 6. d4 cxd4 7. Nb5 d5 8. cxd5 Qa5+ 9. Nd2 Qxb5 10. dxc6 Ne7 11. a4 Qb4 12. b3 Nxc6 13. Ba3 Qa5 14. O-O Bf8 15. Nc4 Qd8 16. Bxf8 Kxf8 17. Bxc6 bxc6 18. Qd2 Kg7 19. Rfd1 c5 20. Qf4 f6 21. Rac1 Ba6 22. Qd6 Qxd6 23. Nxd6 Bxe2 24. Rd2 Bf3 25. Rxc5 Rhd8 26. Rxd4 Bd5 27. Rc7+ Kg8 28. Ne4 Rf8 29. Nc3 Rf7 30. Nxd5 exd5 31. Rxf7 Kxf7 32. Rxd5 Ke6 33. Rb5 h5 34. Kg2 Rc8 35. Ra5 Rb8 36. Rxa7 Rxb3 37. h4 Ra3 38. a5 Kf5 39. a6 Ra1 40. Ra8 Ra3 41. a7 Ra1 42. Kf3 Ra3+ 43. Ke2 Ra1 44. f3 Ra3 45. Kd2 Ra2+ 46. Kc3 Ra1 47. Kc4 Rc1+ 48. Kd5 Rd1+ 49. Kc6 Rc1+ 50. Kd6 Rd1+ 51. Ke7 Ra1 52. Kf7 Ra3 53. Kg7 Ra1 54. Kh6 Ra4 55. Rb8 Rxa7 56. Rb5+ Ke6 57. Kxg6 Ra8 58. Kxh5 Rg8 59. g4 Rh8+ 60. Kg6 Rxh4 61. Rb6+ Ke7 62. Rxf6 Rh8 63. Kf5 Rh3 64. f4 Rg3 65. Ra6 Rb3 66. Ra7+ Kf8 67. Kg5 Kg8 68. Rc7 Ra3 69. Rb7 Rc3 70. f5 Ra3 71. Kg6 Ra6+ 72. f6 Ra8 73. g5 Rc8 74. Rg7+ Kh8 75. Rh7+ Kg8 76. f7+ Kf8 77. Rh8+ 1-0

[Event "POL-chT 2nd League Juniors 2020"]
[Site "Sypniewo"]
[Date "2020.10.23"]
[Round "1.1"]
[White "Twardowski, Hubert"]
[Black "Malik, Maciej"]
[Result "1/2-1/2"]
[ECO "B09"]
[WhiteElo "1912"]
[BlackElo "1671"]
[Annotator "ChessBase"]
[PlyCount "78"]
[EventDate "2020.10.23"]
[EventType "team-tourn"]
[EventCountry "POL"]
[SourceTitle "playchess.com"]
[Source "ChessBase"]
[SourceQuality "1"]
[TimeControl "5400+30"]

1. e4 d6 2. d4 Nf6 3. Nc3 g6 4. f4 Bg7 5. Nf3 O-O 6. Be2 Na6 7. O-O c5 8. d5 Nc7 9. a4 a6 10. Bc4 Nd7 11. Qe2 Rb8 12. a5 b6 13. axb6 Nxb6 14. Bb3 Bd7 15. Be3 Bb5 16. Nxb5 axb5 17. c3 Ra8 18. Rfd1 Qd7 19. h4 Qg4 20. Qf2 Rfc8 21. Rdc1 Qd7 22. h5 Rxa1 23. Rxa1 Ra8 24. Rb1 Na4 25. hxg6 hxg6 26. Qh4 c4 27. Bc2 e6 28. dxe6 Qxe6 29. Bd4 f6 30. f5 g5 31. fxe6 gxh4 32. Nxh4 Nxe6 33. Ra1 Nxd4 34. cxd4 Nb6 35. Rxa8+ Nxa8 36. Nf5 Bf8 37. Bd1 Nb6 38. Ne3 Bh6 39. Nf5 Bc1 1/2-1/2

[Event "POL-chT 2nd League Juniors 2020"]
[Site "Sypniewo"]
[Date "2020.10.23"]
[Round "1.2"]
[White "Michalak, Leonard"]
[Black "Topola, Rafal"]
[Result "0-1"]
[ECO "B13"]
[WhiteElo "1482"]
[BlackElo "1827"]
[Annotator "NA RC"]
[PlyCount "74"]
[EventDate "2020.10.23"]
[EventType "team-tourn"]
[EventCountry "POL"]
[SourceTitle "playchess.com"]
[Source "ChessBase"]
[SourceQuality "1"]
[TimeControl "5400+30"]

1. e4 c6 2. d4 d5 3. exd5 cxd5 4. Bd3 Nc6 5. c3 Nf6 6. Bf4 Bg4 7. Qb3 Qc8 8. Nd2 e6 9. Ngf3 Be7 10. O-O O-O 11. Rfe1 Bh5 12. Ne5 Nxe5 {[%emt 0:02:12] B13: Caro-Kann: Exchange Variation and Panov-Botvinnik Attack.} 13. dxe5 Nd7 14. Qc2 Bg6 {[%emt 0:00:09] [#]} 15. a3 $146 ({Predecessor:} 15. Bxg6 fxg6 16. Bg3 Bc5 17. Qb3 Nb6 18. Rac1 Nc4 19. Nf3 Qd7 20. Qc2 Rac8 21. b3 {1-0 (44) Lukasiewicz,K (2343)-Goluch,P (2373) Polanica Zdroj 2020}) 15... Qc6 16. Nf3 Bxd3 17. Qxd3 Nc5 18. Qc2 Rac8 19. Nd4 Qa4 20. Qd2 Rfd8 21. Bg5 Nb3 22. Nxb3 Bxg5 23. Qxg5 Qxb3 24. Qd2 h6 25. Rab1 Rc4 26. Qd1 $15 Qb6 27. Qc2 Rdc8 28. Re3 d4 29. Rd3 dxc3 30. b3 R4c5 31. Re1 Qc7 32. f4 Qb6 33. Kh1 Qc6 34. Red1 Rd5 35. Rxd5 exd5 36. Rd3 Qa6 37. a4 Qxd3 0-1

[Event "POL-chT 2nd League Juniors 2020"]
[Site "Sypniewo"]
[Date "2020.10.23"]
[Round "1.3"]
[White "Nowak, Filip"]
[Black "Motyl, Mateusz"]
[Result "1-0"]
[ECO "B01"]
[WhiteElo "1871"]
[BlackElo "1109"]
[Annotator "NA RC"]
[PlyCount "47"]
[EventDate "2020.10.23"]
[EventType "team-tourn"]
[EventCountry "POL"]
[SourceTitle "playchess.com"]
[Source "ChessBase"]
[SourceQuality "1"]
[TimeControl "5400+30"]

1. e4 d5 2. exd5 Qxd5 3. Nc3 Qd8 4. d4 Nf6 5. Bf4 c6 6. Qd2 Bf5 7. Nf3 e6 8. O-O-O Bd6 9. Bg5 Nbd7 10. Kb1 h6 11. Bh4 O-O 12. h3 h5 13. Bd3 Bxd3 14. Qxd3 g6 15. g4 Qc7 16. Ne4 hxg4 17. hxg4 Nxg4 18. Rdg1 Nh6 19. Nxd6 Qxd6 20. Rxg6+ fxg6 21. Qxg6+ Kh8 22. Qxh6+ Kg8 23. Qg6+ Kh8 24. Bf6# 1-0

[Event "POL-chT 2nd League Juniors 2020"]
[Site "Sypniewo"]
[Date "2020.10.23"]
[Round "1.3"]
[White "Trzebinski, Patryk"]
[Black "Karut, Kacper"]
[Result "1-0"]
[ECO "B89"]
[WhiteElo "1837"]
[BlackElo "1657"]
[Annotator "NA RC"]
[PlyCount "43"]
[EventDate "2020.10.23"]
[EventType "team-tourn"]
[EventCountry "POL"]
[SourceTitle "playchess.com"]
[Source "ChessBase"]
[SourceQuality "1"]
[TimeControl "5400+30"]

1. e4 c5 2. Nf3 d6 3. d4 cxd4 4. Nxd4 Nf6 5. Nc3 Nc6 6. Bc4 e6 7. Be3 a6 8. Bb3 Bd7 9. O-O Be7 10. f4 O-O 11. Qf3 Qa5 12. Rad1 Rad8 13. f5 Nxd4 14. Bxd4 exf5 15. Nd5 Nxd5 16. Bxd5 Be6 $16 17. Bxg7 Kxg7 18. exf5 Bxd5 19. f6+ Kh8 20. Rxd5 Qb6+ 21. Kh1 Qc7 22. Rh5 1-0

[Event "POL-chT 2nd League Juniors 2020"]
[Site "Sypniewo"]
[Date "2020.10.23"]
[Round "1.4"]
[White "Pycinski, Wladyslaw"]
[Black "Malinowski, Szymon"]
[Result "1-0"]
[ECO "B13"]
[WhiteElo "1149"]
[BlackElo "1740"]
[Annotator "NA"]
[PlyCount "63"]
[EventDate "2020.10.23"]
[EventType "team-tourn"]
[EventCountry "POL"]
[SourceTitle "playchess.com"]
[Source "ChessBase"]
[SourceQuality "1"]
[TimeControl "5400+30"]

1. e4 c6 2. d4 d5 3. exd5 cxd5 4. Nf3 Nc6 5. Bb5 Bg4 6. O-O Qc7 7. Bg5 e6 8. Re1 Nf6 9. Nbd2 a6 10. Bxc6+ bxc6 11. Nf1 Bd6 12. Ng3 h6 13. Bxf6 gxf6 14. c4 Bxg3 15. fxg3 Qb6 16. cxd5 cxd5 17. Qa4+ Qb5 18. Qa3 Rc8 19. Rac1 Kd7 20. Nd2 Rhd8 21. Nb3 Ke8 22. Nc5 a5 23. Rf1 f5 24. Rfe1 Qb4 25. Qe3 Rc6 26. b3 Rdd6 27. a3 Qxa3 28. Qxh6 Qb4 29. Qf4 Ke7 30. Kh1 Ke8 31. Qe5 Ke7 32. h3 1-0

[Event "POL-chT 2nd League Juniors 2020"]
[Site "Sypniewo"]
[Date "2020.10.23"]
[Round "1.4"]
[White "Seo, Ian"]
[Black "Zimny, Jakub"]
[Result "0-1"]
[ECO "B40"]
[WhiteElo "1031"]
[BlackElo "1569"]
[Annotator "NA"]
[PlyCount "158"]
[EventDate "2020.10.23"]
[EventType "team-tourn"]
[EventCountry "POL"]
[SourceTitle "playchess.com"]
[Source "ChessBase"]
[SourceQuality "1"]
[TimeControl "5400+30"]

1. e4 c5 2. Nf3 e6 3. c3 d5 4. Bb5+ Nc6 5. exd5 Qxd5 6. O-O Nf6 7. d4 Be7 8. c4 Qd6 9. Be3 Ng4 10. Nc3 cxd4 11. Qxd4 Nxe3 12. Qxe3 O-O 13. Rfd1 Qc7 14. b3 a6 15. Bxc6 bxc6 16. c5 f5 17. b4 a5 18. a3 Rd8 19. Rxd8+ Bxd8 20. Rd1 Bf6 21. Ne2 axb4 22. axb4 Kf8 23. Ned4 e5 24. Nc2 Ra2 25. Qb3 Qf7 26. Qxf7+ Kxf7 27. Nfe1 Ke7 28. Rd6 Bb7 29. f3 e4 30. fxe4 fxe4 31. Rd2 Ba6 32. Rd6 Bb5 33. h3 Be5 34. Rd1 Ke6 35. Nd4+ Bxd4+ 36. Rxd4 Re2 37. Rd1 Ke5 38. Rc1 Bd3 39. Kf1 Rc2+ 40. Nxd3+ exd3 41. Rd1 Kd4 42. Ke1 Rxg2 43. Kf1 Rh2 44. Kg1 Rb2 45. Kf1 Rxb4 46. Kf2 Rb2+ 47. Kf3 Kc3 48. Ke3 Re2+ 49. Kf3 Kc2 50. Ra1 Re6 51. Ra2+ Kb3 52. Rd2 Kc3 53. Ra2 d2 54. Ra3+ Kc2 55. Ra2+ Kc1 56. Ra1+ Kb2 57. Rd1 Kc2 58. Ra1 d1=Q+ 59. Rxd1 Kxd1 60. Kf4 Kd2 61. Kf5 Re3 62. Kf4 Rxh3 63. Ke5 Rd3 64. Ke6 h5 65. Kf5 h4 66. Kg6 Rg3+ 67. Kf5 h3 68. Ke6 Rd3 69. Kf7 g5 70. Kf6 g4 71. Kf5 g3 72. Kg4 g2 73. Kf4 g1=Q 74. Ke4 Qg4+ 75. Ke5 Rd5+ 76. Kf6 Qf5+ 77. Kg7 Rd7+ 78. Kg8 Qh7+ 79. Kf8 Rd8# 0-1

[Event "POL-chT 2nd League Juniors 2020"]
[Site "Sypniewo"]
[Date "2020.10.23"]
[Round "1.5"]
[White "Filipska, Maja"]
[Black "Kudlak, Julia"]
[Result "0-1"]
[ECO "B33"]
[WhiteElo "1849"]
[BlackElo "1574"]
[Annotator "NA"]
[PlyCount "54"]
[EventDate "2020.10.23"]
[EventType "team-tourn"]
[EventCountry "POL"]
[SourceTitle "playchess.com"]
[Source "ChessBase"]
[SourceQuality "1"]
[TimeControl "5400+30"]

1. e4 c5 2. Nf3 Nc6 3. d4 cxd4 4. Nxd4 Nf6 5. Nc3 e5 6. Ndb5 d6 7. Bg5 a6 8. Na3 b5 9. Bxf6 gxf6 10. Nd5 Bg7 11. c4 Nd4 12. cxb5 f5 13. Bd3 {[%emt 0:16:03] B33: Sicilian: Pelikan and Sveshnikov Variations.} fxe4 14. Bxe4 O-O {[%emt 0:02:44] [#]} 15. Nf6+ $146 ({Predecessor:} 15. O-O Rb8 16. Nb4 Be6 17. Nc6 Nxc6 18. bxc6 Rxb2 19. Bd5 e4 20. Rb1 Rxb1 21. Nxb1 {½-½ (35) Berecz,G (2297)-Flyckt Olsen,J (2504) ICCF email 2007}) 15... Qxf6 16. Bxa8 {[%emt 0:00:17] [#]} Be6 ({Don't play} 16... axb5 17. O-O $15) ({Better is} 16... Qg6 $1 $17 17. Bd5 e4) 17. Bc6 Qg6 18. O-O e4 19. Kh1 d5 20. Nc2 Bg4 {[%emt 0:05:24] [#]} 21. Qd2 $19 (21. Qc1 $1 $16 {and life is bright.}) 21... Nf3 22. Qe3 Qh5 23. h3 Bxh3 24. gxf3 Bg4+ 25. Kg2 Qh3+ 26. Kg1 Bxf3 27. Qxf3 exf3 0-1

[Event "POL-chT 2nd League Juniors 2020"]
[Site "Sypniewo"]
[Date "2020.10.23"]
[Round "1.5"]
[White "Jedrzejko, Martyna"]
[Black "Sloniewska, Alicja"]
[Result "1-0"]
[ECO "B19"]
[WhiteElo "1618"]
[BlackElo "1755"]
[Annotator "NA"]
[PlyCount "107"]
[EventDate "2020.10.23"]
[EventType "team-tourn"]
[EventCountry "POL"]
[SourceTitle "playchess.com"]
[Source "ChessBase"]
[SourceQuality "1"]
[TimeControl "5400+30"]

1. e4 c6 2. d4 d5 3. Nc3 dxe4 4. Nxe4 Bf5 5. Ng3 Bg6 6. h4 h6 7. Nf3 Nd7 8. h5 Bh7 9. Bd3 Bxd3 10. Qxd3 e6 11. Bd2 Ngf6 12. O-O-O Be7 13. Kb1 O-O 14. Ne4 Nxe4 15. Qxe4 Nf6 16. Qe2 Qd5 17. Be3 b5 18. Nd2 a5 19. g4 a4 20. Rhg1 Nd7 21. f4 b4 22. g5 hxg5 23. fxg5 Qa5 24. h6 g6 25. h7+ Kg7 26. Rh1 Bxg5 27. Bxg5 Qxg5 28. Ne4 Qd5 29. Qe3 b3 30. cxb3 axb3 31. a3 Kh8 32. Rdf1 Rad8 33. Ng5 Nb6 34. Qe5+ Qxe5 35. dxe5 Rd7 36. Nxe6 Re8 37. Ng5 Nc4 38. Nxf7+ Kg7 39. Rf4 Rxf7 40. Rxf7+ Kxf7 41. h8=Q Rxh8 42. Rxh8 Nxe5 43. Rh3 g5 44. Rxb3 g4 45. a4 Ke6 46. Kc2 Nc4 47. Rc3 Kd5 48. b4 Nb6 49. a5 Nd7 50. a6 Nb6 51. Rg3 c5 52. b5 Kc4 53. a7 Kxb5 54. Rb3+ 1-0

[Event "POL-chT 2nd League Juniors 2020"]
[Site "Sypniewo"]
[Date "2020.10.23"]
[Round "1.6"]
[White "Tim, Anna"]
[Black "Konkol, Sandra"]
[Result "1-0"]
[ECO "A41"]
[WhiteElo "1237"]
[BlackElo "1235"]
[Annotator "NA RC"]
[PlyCount "35"]
[EventDate "2020.10.23"]
[EventType "team-tourn"]
[EventCountry "POL"]
[SourceTitle "playchess.com"]
[Source "ChessBase"]
[SourceQuality "1"]
[TimeControl "5400+30"]

1. d4 d6 2. c4 e5 3. e3 f5 4. dxe5 dxe5 5. Qxd8+ Kxd8 6. Nc3 c5 7. g3 Nf6 8. Bg2 Kc7 9. e4 g6 10. Bg5 Bg7 11. Bxf6 Bxf6 12. Nd5+ Kc6 13. Nxf6 fxe4 14. Bxe4+ Kd6 15. O-O-O+ Ke6 16. Nd5 Na6 17. Nf3 Bd7 18. Ng5+ 1-0

[Event "POL-chT 2nd League Juniors 2020"]
[Site "Sypniewo"]
[Date "2020.10.23"]
[Round "1.7"]
[White "Piwowarczyk, Bartlomiej"]
[Black "Lewandowski, Wiktor"]
[Result "1/2-1/2"]
[ECO "A45"]
[WhiteElo "1773"]
[BlackElo "1756"]
[Annotator "NA"]
[PlyCount "65"]
[EventDate "2020.10.23"]
[EventType "team-tourn"]
[EventCountry "POL"]
[SourceTitle "playchess.com"]
[Source "ChessBase"]
[SourceQuality "1"]
[TimeControl "5400+30"]

1. d4 Nf6 2. Bf4 d5 3. e3 c5 4. c3 Nc6 5. Nd2 Bf5 6. Qb3 Qb6 7. dxc5 Qxb3 8. Nxb3 e5 9. Bg3 a5 10. Nf3 a4 11. Nbd2 Nd7 12. Bb5 f6 13. O-O Bxc5 14. Rfe1 Be6 15. a3 O-O 16. c4 dxc4 17. Bxc4 Bxc4 18. Nxc4 Nb6 19. Rac1 Nxc4 20. Rxc4 Be7 21. Nd2 Bd8 22. Ne4 Ne7 23. Nd6 b6 24. Rd1 Ng6 25. Nf5 Ne7 26. Nd6 Ng6 27. Nf5 Ne7 28. Nxe7+ Bxe7 29. Rc7 Rfd8 30. Rdd7 Rxd7 31. Rxd7 Bc5 32. Kf1 f5 33. Kg1 1/2-1/2

[Event "POL-chT 2nd League Juniors 2020"]
[Site "Sypniewo"]
[Date "2020.10.23"]
[Round "1.7"]
[White "Ursnik, Patryk"]
[Black "Zabron, Maksym"]
[Result "1/2-1/2"]
[ECO "B22"]
[WhiteElo "1645"]
[BlackElo "1932"]
[Annotator "ChessBase"]
[PlyCount "89"]
[EventDate "2020.10.23"]
[EventType "team-tourn"]
[EventCountry "POL"]
[SourceTitle "playchess.com"]
[Source "ChessBase"]
[SourceQuality "1"]
[TimeControl "5400+30"]

1. e4 c5 2. c3 d5 3. exd5 Qxd5 4. d4 Nf6 5. Nf3 Bg4 6. Be2 e6 7. O-O Nc6 8. h3 Bh5 9. Be3 cxd4 10. cxd4 Be7 11. Nc3 Qd6 12. a3 O-O 13. Qb3 a6 14. Rfd1 Rfd8 15. Rac1 b5 16. Qa2 Rac8 17. b4 Bg6 18. Qb3 Ne4 19. d5 Nxc3 20. Rxc3 exd5 21. Bb6 Bf6 22. Bxd8 Bxc3 23. Rxd5 Qe6 24. Ng5 Qxe2 25. Qxc3 h6 26. Nf3 Ne7 27. Qd2 Rc1+ 28. Qxc1 Nxd5 29. Qc6 Nxb4 30. axb4 Qd1+ 31. Kh2 Qxd8 32. Qxa6 Qc7+ 33. Kh1 Qc1+ 34. Ng1 Qc4 35. Qd6 Be4 36. Kh2 Kh7 37. Qd2 Qc6 38. f3 Bf5 39. Ne2 Qc4 40. Qf4 Bd3 41. Qxc4 Bxc4 42. Nd4 Kg6 43. Kg3 Kf6 44. Kf4 g6 45. Ke4 1/2-1/2

[Event "POL-chT 2nd League Juniors 2020"]
[Site "Sypniewo"]
[Date "2020.10.23"]
[Round "1.8"]
[White "Kolodziejski, Piotr"]
[Black "Pietrzak, Tomasz"]
[Result "1/2-1/2"]
[ECO "C45"]
[WhiteElo "1905"]
[BlackElo "1896"]
[Annotator "ChessBase"]
[PlyCount "98"]
[EventDate "2020.10.23"]
[EventType "team-tourn"]
[EventCountry "POL"]
[SourceTitle "playchess.com"]
[Source "ChessBase"]
[SourceQuality "1"]
[TimeControl "5400+30"]

1. e4 e5 2. Nf3 Nc6 3. d4 exd4 4. Nxd4 Bc5 5. Be3 Qf6 6. c3 Nge7 7. Bb5 O-O 8. O-O Bb6 9. Na3 d6 10. Bxc6 Nxc6 11. Nxc6 bxc6 12. Nc2 Re8 13. Bxb6 axb6 14. f3 Bb7 15. Qd2 d5 16. exd5 cxd5 17. Rfe1 g6 18. Rxe8+ Rxe8 19. Re1 Rxe1+ 20. Qxe1 c5 21. Qd2 Qe5 22. Ne1 Ba6 23. f4 Qe4 24. Kf2 Qc4 25. a3 h5 26. Nf3 Qe4 27. Ng5 Qd3 28. Qxd3 Bxd3 29. Ke3 Bf5 30. Nf3 f6 31. Nd2 Kf7 32. b4 Ke6 33. bxc5 bxc5 34. Nf1 Kd6 35. Kd2 Be4 36. g3 d4 37. cxd4 cxd4 38. Ke2 Kc5 39. Nd2 Bc6 40. h3 Bb5+ 41. Kf2 Kd5 42. Kf3 Ba4 43. Ke2 Bb5+ 44. Kf2 Bd7 45. h4 Ba4 46. Ke2 Bb5+ 47. Kf3 Bd7 48. Ke2 Bb5+ 49. Kf2 Ba4 1/2-1/2

[Event "POL-chT 2nd League Juniors 2020"]
[Site "Sypniewo"]
[Date "2020.10.23"]
[Round "1.9"]
[White "Cieply, Krzysztof"]
[Black "Duda, Leon"]
[Result "1-0"]
[ECO "B32"]
[WhiteElo "1573"]
[BlackElo "1388"]
[Annotator "NA RC"]
[PlyCount "79"]
[EventDate "2020.10.23"]
[EventType "team-tourn"]
[EventCountry "POL"]
[SourceTitle "playchess.com"]
[Source "ChessBase"]
[SourceQuality "1"]
[TimeControl "5400+30"]

1. e4 c5 2. Nf3 Nc6 3. d4 cxd4 4. Nxd4 e5 5. Nb3 Nf6 6. Bg5 h6 7. Bxf6 Qxf6 8. Bd3 Be7 9. O-O O-O 10. Nc3 Qg6 11. Kh1 d6 12. Nd5 f5 13. exf5 Bxf5 14. Bxf5 Rxf5 15. Qe2 Raf8 16. f3 Kh8 17. Nd2 Qe6 18. Qd3 Nd4 19. Nxe7 Qxe7 20. Rae1 Rh5 21. Qxd4 Qg5 22. Qf2 Rf4 23. g3 Rf8 24. Qg2 d5 25. f4 exf4 26. g4 Rh4 27. Nf3 Qxg4 28. Nxh4 Qxh4 29. Rg1 g5 30. Qxd5 f3 31. Qe5+ Kg8 32. Qe6+ Kh8 33. Qe7 Kg8 34. Re6 Qh5 35. Rf6 Re8 36. Rxh6 Qxh6 37. Rxg5+ Qxg5 38. Qxg5+ Kf7 39. Qh5+ Ke7 40. Qxf3 1-0

[Event "POL-chT 2nd League Juniors 2020"]
[Site "Sypniewo"]
[Date "2020.10.23"]
[Round "1.9"]
[White "Maj, Samuel"]
[Black "Komendecki, Antoni"]
[Result "0-1"]
[ECO "A70"]
[WhiteElo "1305"]
[BlackElo "1801"]
[Annotator "NA"]
[PlyCount "90"]
[EventDate "2020.10.23"]
[EventType "team-tourn"]
[EventCountry "POL"]
[SourceTitle "playchess.com"]
[Source "ChessBase"]
[SourceQuality "1"]
[TimeControl "5400+30"]

1. d4 Nf6 2. c4 c5 3. d5 e6 4. Nc3 exd5 5. cxd5 d6 6. e4 g6 7. Nf3 Bg7 8. h3 O-O 9. Bd3 b5 10. Nxb5 Re8 11. O-O Nxe4 12. Re1 a6 13. Na3 {[%emt 0:20:09] A70: Modern Benoni: 6 e4 g6 7 Nf3.} Nf6 14. Nc4 Rxe1+ 15. Qxe1 Bb7 $15 ({Much worse is} 15... Nxd5 $6 16. Be4 $16) 16. Bf4 Bxd5 17. Nxd6 Nc6 18. Bc4 {[%emt 0:12:15] [#]} Bxc4 $146 ({Predecessor:} 18... Ra7 19. Rd1 Bxf3 20. gxf3 Nd4 21. Rd3 Rd7 22. Nxf7 Rxf7 23. Qe5 Nh5 24. Qc7 Qf6 25. Be5 Nxf3+ {0-1 (25) Kerek,C (2388)-Szieberth,A (2334) Hungary 1999}) 19. Nxc4 Nd4 20. Rd1 Nd5 21. Nxd4 Nxf4 22. Ne6 Qf6 23. Nxg7 Kxg7 24. Qe4 Rb8 25. b3 Qg5 26. Kh2 Re8 27. Qf3 Re7 28. g3 Ne6 29. h4 Qh6 30. Qe3 Qh5 31. Re1 Rd7 32. Qe5+ Qxe5 33. Rxe5 Kf6 34. Kg2 Rd1 35. f4 Ra1 36. Re2 Nd4 37. Rd2 Ne6 38. Ne5 h5 39. Rc2 Nd4 40. Rd2 Ke6 41. Kf2 Nb5 42. Nd7 Nc3 43. Nxc5+ Kf5 44. a4 Rc1 45. Rb2 Nd1+ 0-1

[Event "POL-chT 2nd League Juniors 2020"]
[Site "Sypniewo"]
[Date "2020.10.23"]
[Round "1.11"]
[White "Uliasz, Katarzyna"]
[Black "Lascar, Maria Elena"]
[Result "1/2-1/2"]
[ECO "B28"]
[WhiteElo "1495"]
[BlackElo "1552"]
[Annotator "NA"]
[PlyCount "102"]
[EventDate "2020.10.23"]
[EventType "team-tourn"]
[EventCountry "POL"]
[SourceTitle "playchess.com"]
[Source "ChessBase"]
[SourceQuality "1"]
[TimeControl "5400+30"]

1. e4 c5 2. Nf3 a6 3. d3 g6 4. g3 Bg7 5. Bg2 e5 6. O-O Ne7 7. Nc3 O-O 8. Be3 d6 9. Qd2 Nbc6 10. Bh6 f6 11. h4 Be6 12. Nh2 Rf7 13. Nd5 Rc8 14. Bxg7 Kxg7 15. Nxe7 Qxe7 16. f4 Bd7 17. c3 b5 18. f5 Rh8 19. Ng4 h5 20. fxg6 Rff8 21. Ne3 Qd8 22. Nf5+ Bxf5 23. exf5 Ne7 24. a4 Qd7 25. axb5 Qxb5 26. c4 Qb6 27. Be4 Rb8 28. Ra2 Nc6 29. Bxc6 Qxc6 30. Rfa1 Qf3 31. Qf2 Qxd3 32. Rxa6 Rb7 33. Ra7 Rhb8 34. Qg2 e4 35. Rxb7+ Rxb7 36. Re1 Re7 37. g4 Qxc4 38. gxh5 Qd4+ 39. Kh1 e3 40. Qg3 Qe4+ 41. Kh2 Qxf5 42. Qxd6 Rd7 43. h6+ Kxg6 44. Qg3+ Kxh6 45. Qxe3+ Kh7 46. Re2 Rg7 47. Qe4 Qxe4 48. Rxe4 Rb7 49. Re2 Kg6 50. Rc2 Rb5 51. Kg3 f5 1/2-1/2

[Event "POL-chT 2nd League Juniors 2020"]
[Site "Sypniewo"]
[Date "2020.10.23"]
[Round "1.12"]
[White "Bialek, Alicja"]
[Black "Mainka, Anna"]
[Result "1-0"]
[ECO "B30"]
[WhiteElo "1457"]
[BlackElo "1280"]
[Annotator "NA"]
[PlyCount "127"]
[EventDate "2020.10.23"]
[EventType "team-tourn"]
[EventCountry "POL"]
[SourceTitle "playchess.com"]
[Source "ChessBase"]
[SourceQuality "1"]
[TimeControl "5400+30"]

1. e4 c5 2. Nf3 Nc6 3. b3 e6 4. Bb2 d5 5. exd5 exd5 6. Bb5 Bd7 7. O-O Nf6 8. Re1+ Be7 9. Bxf6 gxf6 10. d4 Be6 11. dxc5 Bxc5 12. Nc3 Bb4 13. Qxd5 O-O 14. Qxd8 Raxd8 15. Re3 Bxc3 16. Rxc3 Ne5 17. Re1 Nxf3+ 18. Rxf3 f5 19. Bd3 Rd5 20. c4 Rc5 21. a4 Rd8 22. b4 Rc7 23. c5 Rcd7 24. Bxf5 Bxf5 25. Rxf5 Rd4 26. b5 Rxa4 27. h3 Rb4 28. Re7 Rxb5 29. Rfxf7 Rxc5 30. Rxb7 a5 31. Rxh7 Rg5 32. Rhd7 Ra8 33. Ra7 Rb8 34. Rd6 Rgb5 35. Rda6 Rb1+ 36. Kh2 R1b2 37. Rxa5 Rxf2 38. Ra2 Rf6 39. h4 Rb4 40. R7a4 Rb5 41. Kh3 Kg7 42. Ra5 Rbb6 43. h5 Kh6 44. Kh4 Rf1 45. Ra6 Rh1+ 46. Kg4 Rxa6 47. Rxa6+ Kh7 48. Kg5 Rh2 49. g4 Rb2 50. Ra7+ Kh8 51. h6 Rb5+ 52. Kg6 Rb6+ 53. Kh5 Rb5+ 54. g5 Rc5 55. Rf7 Rd5 56. Kg6 Rd6+ 57. Rf6 Rd8 58. Rf5 Rd6+ 59. Kh5 Rd8 60. g6 Ra8 61. h7 Kg7 62. Rf7+ Kh8 63. Kh6 Ra6 64. Rf8# 1-0

[Event "POL-chT 2nd League Juniors 2020"]
[Site "Sypniewo"]
[Date "2020.10.23"]
[Round "1.13"]
[White "Gardian, Adam"]
[Black "Wnek, Filip"]
[Result "1/2-1/2"]
[ECO "B84"]
[WhiteElo "1859"]
[BlackElo "1981"]
[Annotator "ChessBase"]
[PlyCount "78"]
[EventDate "2020.10.23"]
[EventType "team-tourn"]
[EventCountry "POL"]
[SourceTitle "playchess.com"]
[Source "ChessBase"]
[SourceQuality "1"]
[TimeControl "5400+30"]

1. e4 c5 2. Nf3 d6 3. d4 cxd4 4. Nxd4 Nf6 5. Nc3 a6 6. Be2 e6 7. Be3 Nbd7 8. O-O b5 9. f3 Bb7 10. a3 Be7 11. g4 Nb6 12. Qe1 O-O 13. g5 Nfd7 14. Qg3 Ne5 15. Rad1 Nec4 16. Bc1 Qc8 17. f4 d5 18. e5 Bc5 19. b4 Bxd4+ 20. Rxd4 Rd8 21. Bg4 Qc7 22. Rf3 Nd7 23. Qh4 Nf8 24. Rh3 Qb6 25. Ne2 Re8 26. Be3 Nxe3 27. Rxe3 a5 28. Qf2 axb4 29. axb4 Ra1+ 30. Kg2 Rc8 31. c3 Rc4 32. Kg3 Ra2 33. Qe1 Ng6 34. Qb1 Qa7 35. Qd3 Ne7 36. Rxc4 bxc4 37. Qd4 Nc6 38. Qxa7 Rxa7 39. f5 exf5 1/2-1/2

[Event "POL-chT 2nd League Juniors 2020"]
[Site "Sypniewo"]
[Date "2020.10.23"]
[Round "1.14"]
[White "Kolodziej, Oskar"]
[Black "Kubica, Dominik"]
[Result "1/2-1/2"]
[ECO "B13"]
[WhiteElo "1242"]
[BlackElo "1577"]
[Annotator "NA"]
[PlyCount "75"]
[EventDate "2020.10.23"]
[EventType "team-tourn"]
[EventCountry "POL"]
[SourceTitle "playchess.com"]
[Source "ChessBase"]
[SourceQuality "1"]
[TimeControl "5400+30"]

1. e4 c6 2. d4 d5 3. exd5 cxd5 4. Nf3 Bg4 5. c3 Nf6 6. Bf4 e6 7. Bd3 Bd6 8. Bxd6 Qxd6 9. Nbd2 Nc6 10. O-O O-O 11. Re1 Rab8 12. a4 Rfc8 13. Qe2 Ne7 14. h3 Bh5 15. Nf1 a6 16. Ng3 Bg6 17. Ne5 Bxd3 18. Qxd3 Ng6 19. Nf3 b5 20. axb5 axb5 21. Rec1 b4 22. Rc2 Qc6 23. Rac1 b3 24. Rd2 Ra8 25. Qf1 Ra2 26. Rb1 h5 27. h4 Ne4 28. Nxe4 dxe4 29. Ne5 Nxe5 30. dxe5 Qc5 31. Qd1 Rb8 32. Rd8+ Rxd8 33. Qxd8+ Kh7 34. Qg5 g6 35. Qf4 Qd5 36. Qxf7+ Kh6 37. Qf8+ Kh7 38. Qf7+ 1/2-1/2

[Event "POL-chT 2nd League Juniors 2020"]
[Site "Sypniewo"]
[Date "2020.10.23"]
[Round "1.15"]
[White "Zaborski, Igor"]
[Black "Rainer, Piotr"]
[Result "1/2-1/2"]
[ECO "D05"]
[WhiteElo "1612"]
[BlackElo "1763"]
[Annotator "NA"]
[PlyCount "91"]
[EventDate "2020.10.23"]
[EventType "team-tourn"]
[EventCountry "POL"]
[SourceTitle "playchess.com"]
[Source "ChessBase"]
[SourceQuality "1"]
[TimeControl "5400+30"]

1. d4 Nf6 2. Nf3 d5 3. e3 e6 4. Bd3 Bd6 5. b3 O-O 6. Bb2 b6 7. O-O Na6 8. a3 c5 9. Ne5 Bb7 10. Nd2 Re8 11. Qf3 Qc7 12. Qh3 h6 13. f4 Ne4 14. Bxe4 dxe4 15. Ndc4 Bf8 16. f5 b5 17. fxe6 f6 18. Ng4 bxc4 19. Nxh6+ gxh6 20. Rxf6 Bg7 21. Rf7 Re7 22. Raf1 Rf8 23. Rxf8+ Bxf8 24. d5 Bg7 25. Qf5 Qd8 26. Qg6 Qxd5 27. Bxg7 Rxg7 28. e7 Rxg6 29. e8=Q+ Kh7 30. Rf8 Qd1+ 31. Rf1 Qg4 32. g3 Rg7 33. Rf8 Qd1+ 34. Kg2 Qe2+ 35. Kh3 Qg4+ 36. Kg2 Qe2+ 37. Kh3 Qg4+ 38. Kg2 Qf3+ 39. Rxf3 exf3+ 40. Kf2 cxb3 41. cxb3 Nc7 42. Qe5 Bd5 43. Qf5+ Kh8 44. Qf8+ Kh7 45. Qxc5 Bxb3 46. Qf5+ 1/2-1/2